 Dungeon Crawl Stone Soup version 0.27-a0-604-g29a88b33a7 (webtiles) character file.

Game seed: 9457885540876491464

235 sahdkjhfkaj the Skirmisher (level 6, -5/35 HPs)
             Began as a Vine Stalker Necromancer on Mar 13, 2021.
             Killed by divine providence
             ... invoked by an orc priest
              (13 damage)
             ... on level 4 of the Dungeon.
             The game lasted 00:04:14 (5236 turns).

sahdkjhfkaj the Skirmisher (VSNe)                   Turns: 5236, Time: 00:04:14

Health: -5/35      AC:  3    Str: 16    XL:     6   Next: 6%
Magic:  0/11       EV: 12    Int: 15    God:
Gold:   143        SH:  0    Dex: 17    Spells: 10/11 levels left

rFire    . . .     SeeInvis .   p - +0 rapier
rCold    . . .     Faith    .   (no shield)
rNeg     . . .     Spirit   +   o - +1 robe
rPois    .         Reflect  .   (no helmet)
rElec    .         Harm     .   g - scarf {repulsion}
rCorr    +         Rampage  .   (no gloves)
Will     .....                  (no boots)
Stlth    ++........             (no amulet)
HPRegen  1.11/turn              b - +6 ring of strength
MPRegen  0.12/turn              k - ring of resist corrosion

@: repel missiles
A: fangs 2, regeneration 1, magic shield, antimagic bite, no potion heal 3
a: no special abilities


You were on level 4 of the Dungeon.
You visited 1 branch of the dungeon, and saw 4 of its levels.

You collected 143 gold pieces.

Inventory:

Hand Weapons
 a - a +0 dagger
 p - a +0 rapier (weapon)
Armour
 g - a scarf of repulsion (worn)
 o - a +1 robe (worn)
Jewellery
 b - a +6 ring of strength (right hand)
 k - a ring of resist corrosion (left hand)
Scrolls
 c - a scroll of blinking {unknown}
 d - a scroll of teleportation
 e - 2 scrolls of enchant armour
 f - 3 scrolls of identify {unknown}
 h - a scroll of magic mapping {unknown}
Potions
 i - a potion of haste {unknown}
 j - a potion of heal wounds
 l - a potion of flight {unknown}
 m - 2 potions of magic {unknown}
 n - a potion of might {unknown}


   Skills:
 + Level 4.8 Fighting
 - Level 1.5 Dodging
 - Level 2.4 Stealth
 - Level 3.0 Spellcasting
 - Level 4.0 Necromancy


You had 10 spell levels left.
You knew the following spells:

 Your Spells              Type           Power      Damage    Failure   Level
a - Pain                  Necr           56%        1d6       3%          1

Your spell library contained the following spells:

 Spells                   Type           Power      Damage    Failure   Level
 Animate Skeleton         Necr           28%        N/A       3%          1
 Vampiric Draining        Necr           7%         2d7       12%         3
 Animate Dead             Necr           7%         N/A       36%         4
 Agony                    Necr           14%        N/A       71%         5


Dungeon Overview and Level Annotations

Branches:
Dungeon (4/15)
 Temple: D:4-7

Altars:
Gozag

Annotations:
D:3 Jessica


Innate Abilities, Weirdness & Mutations

You have extremely sharp teeth.
Your natural rate of healing is unusually fast.
When hurt, damage is shared between your health and your magic reserves.
Your bite disrupts and absorbs the magic of your enemies.
Potions cannot restore your health.


Message History

The orc writhes in agony.
You kill the orc!
Things that are here:
a +0 dagger; an orc corpse
There is a fountain of clear blue water here.
An orc comes into view. It is wielding a +0 whip.
The orc shouts!
You hear a shout!
You hear a bark!
An orc priest comes into view.
An orc comes into view. It is wielding a +0 hand axe.
You can't see any susceptible monsters within range! (Use Z to cast anyway.)
You can't see any susceptible monsters within range! (Use Z to cast anyway.)
You can't see any susceptible monsters within range! (Use Z to cast anyway.)
An orc comes into view.
It is wielding a +2 war axe of draining.
Found a stone staircase leading up.
The orc writhes in agony.
The orc shouts!
The orc priest shouts!
An orc wizard comes into view. It is wielding a +0 dagger.
You see here a +0 rapier.
p - a +0 rapier (weapon)
A leopard gecko comes into view.
The orc priest casts a cantrip, but nothing happens.
Things that are here:
a +0 dagger; an orc corpse The orc priest invokes the aid of Beogh against you.
Beogh smites you!
The orc writhes in agony.
The orc hits you with a +0 hand axe.
The orc writhes in agony.
The orc hits you with a +0 hand axe.
The orc writhes in agony.
You kill the orc!
The orc priest writhes in agony.
The orc priest hits you.
The orc priest writhes in agony.
The orc priest mumbles some strange prayers to Beogh against you.
Beogh smites you!
* * * LOW HITPOINT WARNING * * *
You are too injured to fight recklessly!
You are too injured to fight recklessly!
You are too injured to fight recklessly!
The orc priest mumbles some strange prayers to Beogh against you.
Beogh smites you!
You die...

#.........
+.........
#.........
#.########
#o# #.# #.#
#.#####
#.o.@.#
######.#
#......#
#.###..#
#.#....#
#.#.#.##
#.#.#.#
#######
#.#.#.#####
#....(#
#.#.#.....#


You could see an orc priest.

Vanquished Creatures
  An iguana (D:2)
  An orc wizard (D:4)
  A worker ant (D:4)
  Robin (D:3)
  A howler monkey skeleton (D:4)
  3 adders (D:3)
  2 oozes (D:2)
  2 worms
  4 dart slugs
  12 orcs
  4 giant cockroaches
  16 goblins
  8 hobgoblins
  5 kobolds
  A quokka (D:2)
  10 bats
  4 frilled lizards
  8 rats
84 creatures vanquished.

Notes
Turn   | Place    | Note
-------+----------+-------------------------------------------
     0 | D:1      | sahdkjhfkaj the Vine Stalker Necromancer began the quest
                  | for the Orb.
     0 | D:1      | Reached XP level 1. HP: 9/9 MP: 4/4
   792 | D:1      | Reached XP level 2. HP: 7/13 MP: 0/6
  1303 | D:2      | Reached skill level 1 in Fighting
  1507 | D:2      | Reached XP level 3. HP: 14/18 MP: 5/8
  1604 | D:2      | Found an opulent altar of Gozag.
  2058 | D:2      | Gained mutation: Your natural rate of healing is unusually
                  | fast. [Vine Stalker growth]
  2058 | D:2      | Reached XP level 4. HP: 21/23 MP: 6/9
  3744 | D:3      | Noticed Jessica
  3853 | D:3      | Reached XP level 5. HP: 28/28 MP: 5/10
  4051 | D:3      | Noticed Robin
  4661 | D:3      | Killed Robin
  5055 | D:4      | Reached XP level 6. HP: 30/34 MP: 4/11
  5236 | D:4      | Killed from afar by an orc priest

Illustrated notes

Levels and vault maps discovered:
D:1:      saegor_arrival_simple_d, layout_loops_ring, serial_bayou_lake_a
D:2:      layout_basic, roderic_lattice_a, grunt_gozag_breadcrumbs
D:3:      layout_basic, dk_noncrumbling_4, kennysheep_generic_room_9,
          uniq_robin, uniq_jessica
D:4:      layout_basic, serial_shops, shop, minmay_bent

Skill      XL: |  1  2  3  4  5 |
---------------+----------------+-----
Spellcasting   | 3 |  3.0
Fighting       | 1 2 3 4 |  4.8
Dodging        | |  1.5
Stealth        | |  2.4
Necromancy     | |  4.0

Action                   |  1- 3 |  4- 6 || total
-------------------------+-------+-------++-------
Melee: Unarmed           |     1 |    41 ||    42
       Bite              |       |    21 ||    21
       Club              |       |    33 ||    33
 Cast: Pain              |    46 |   139 ||   185
  Use: Scroll            |       |     2 ||     2
 Stab: Sleeping          |       |     4 ||     4
Armor: Robe              |    12 |    23 ||    35
Dodge: Dodged            |    24 |   103 ||   127
       Repelled          |       |     2 ||     2

Table legend: (Time is in decaauts)
 A = Elapsed time spent in this place.
 B = Non-inter-level travel time spent in this place.
 C = Inter-level travel time spent in this place.
 D = Time resting spent in this place.
 E = Time spent auto-exploring this place.
 F = Levels seen in this place.
 G = Mean time per level.
                   A        B        C        D        E       F      G
               +--------+--------+--------+--------+--------+-----+--------+
         Total |   5279 |   5156 |    123 |      0 |   4328 |   4 | 1319.8 |
       Dungeon |   5279 |   5156 |    123 |      0 |   4328 |   4 | 1319.8 |
               +--------+--------+--------+--------+--------+-----+--------+

Top non-repeatable levels by time:
     D:2: 2145 daAuts
     D:3: 1529 daAuts
     D:1: 1269 daAuts
     D:4: 335 daAuts
